 Dungeon Crawl Stone Soup version 0.30-a0-956-gcec3b41aec (webtiles) character file.

Game seed: 14178123383606582386

299 billz999 the Magician (level 6, -3/45 HPs)
             Began as a Ghoul Earth Elementalist on Mar 30, 2023.
             Was an Initiate of Gozag.
             Slain by a black bear (6 damage)
             ... on level 4 of the Dungeon.
             The game lasted 00:06:49 (3691 turns).

billz999 the Magician (Ghoul Earth Elementalist)    Turns: 3691, Time: 00:06:49

Health: -3/45      AC:  2    Str: 12    XL:     6   Next: 36%
Magic:  5/10       EV: 12    Int: 12    God:    Gozag
Gold:   249        SH:  0    Dex:  9    Spells: 6/12 levels left

rFire   . . .      SeeInvis .    g - +1 dagger (elec)
rCold   + . .      Faith    .    (no shield)
rNeg    + + +      Spirit   .    a - +0 robe
rPois   ∞          Reflect  .    (no helmet)
rElec   .          Rampage  .    (no cloak)
rCorr   .                        (no gloves)
Will    .....                    (no boots)
Stlth   ++                       (no amulet)
HPRegen 0.00/turn                (no ring)
MPRegen 0.12/turn                (no ring)

@: inhibited regen
A: claws 1, cold resistance 1, negative energy resistance 3, inhibited
regeneration, torment resistance 2, devour on kill
a: Renounce Religion, Potion Petition, Call Merchant, Bribe Branch


You were on level 4 of the Dungeon.
You worshipped Gozag.
Gozag was aware of your devotion.
You visited 2 branches of the dungeon, and saw 5 of its levels.

You collected 333 gold pieces.
You paid 84 gold pieces to Gozag.

Inventory:

Hand Weapons
 c - a +0 dagger
 d - a +2 dagger of speed
 g - a +1 dagger of electrocution (weapon)
Armour
 a - a +0 robe (worn)
Wands
 m - a wand of mindburst (14)
 r - a wand of paralysis (6)
 u - a wand of polymorph (8)
Scrolls
 h - 2 scrolls of identify
 i - a scroll of summoning
 j - a scroll of brand weapon
 k - a scroll of teleportation
 l - a scroll of acquirement {unknown}
 n - a scroll of magic mapping {unknown}
 p - a scroll of immolation {unknown}
 q - a scroll of vulnerability {unknown}
Potions
 b - a potion of magic
 e - a potion of might {unknown}
 f - a potion of heal wounds {unknown}
 o - a potion of degeneration {unknown}
 s - 2 potions of lignification {unknown}
 t - a potion of resistance {unknown}
 v - a potion of mutation {unknown}


   Skills:
 - Level 1.7 Dodging
 - Level 3.5 Stealth
 * Level 3.6 Spellcasting
 + Level 1.1 Conjurations
 - Level 2.1 Translocations
 - Level 2.4 Transmutations
 - Level 3.2 Earth Magic


You had 6 spell levels left.
You knew the following spells:

 Your Spells              Type           Power      Damage    Failure   Level
a - Sandblast             Erth           20%        2d7       6%          1
b - Blink                 Tloc           14%        N/A       14%         2
c - Stone Arrow           Conj/Erth      14%        3d7       28%         3

Your spell library contained the following spells:

 Spells                   Type           Power      Damage    Failure   Level
 Passwall                 Tmut/Erth      7%         N/A       11%         2
 Lesser Beckoning         Tloc           14%        N/A       14%         2
 Foxfire                  Conj/Fire      12%        2x1d2     19%         1
 Momentum Strike          Conj/Tloc      12%        3d8       19%         2
 Ozocubu's Armour         Ice            2%         N/A       56%         3
 Petrify                  Tmut/Erth      9%         N/A       56%         4
 Irradiate                Conj/Tmut      3%         3d12      97%         5
 Fireball                 Conj/Fire      1%         3d3       99%         5
 Starburst                Conj/Fire      1%         6d3       100%        6
 Ozocubu's Refrigeration  Ice            1%         4d7       100%        7
 Sublimation of Blood     Necr           Unusable   N/A       N/A         2

Dungeon Overview and Level Annotations

Branches:
Dungeon (4/15)             Temple (1/1) D:4

Altars:
Ashenzari
Cheibriados
Gozag
Hepliaklqana
Kikubaaqudgha
Makhleb
Qazlal
Ru
Sif Muna
Uskayaw
Wu Jian
Xom
Yredelemnul


Innate Abilities, Weirdness & Mutations

You are immune to poison.
You have sharp fingernails.
Your flesh is cold resistant. (rC+)
You are immune to negative energy. (rN+++)
You do not regenerate when monsters are visible.
You are immune to unholy pain and torment.
You thrive by killing the living.


Message History

The black bear barely misses you.
The black bear claws you but does no damage.
The black bear barely misses you.
You closely miss the black bear.
The black bear is heavily wounded.
The black bear bites you but does no damage.
The black bear misses you. The black bear claws you.
Casting: Sandblast (safe; 6% risk of failure)
Confirm with . or Enter, or press ? or * to list all spells.
Aiming: Sandblast (safe; 6% risk of failure)
Press: ? - help, Shift-Dir - straight line, f/p - black bear
Aim: a black bear (heavily wounded, 87% to hit)
The blast of sand hits the black bear!
The black bear is almost dead.
The black bear goes berserk!
Unknown command.
Casting: Sandblast (safe; 6% risk of failure)
Confirm with . or Enter, or press ? or * to list all spells.
Aiming: Sandblast (safe; 6% risk of failure)
Press: ? - help, Shift-Dir - straight line, f/p - black bear
Aim: a black bear (almost dead, berserk, 87% to hit)
The blast of sand hits the black bear but does no damage.
The black bear is almost dead.
The black bear bites you. The black bear claws you. x2
* * * LOW HITPOINT WARNING * * *
The black bear barely misses you. The black bear claws you.
* * * LOW HITPOINT WARNING * * *
The black bear claws you.
* * * LOW HITPOINT WARNING * * *
Casting: Sandblast (safe; 6% risk of failure)
Confirm with . or Enter, or press ? or * to list all spells.
Aiming: Sandblast (safe; 6% risk of failure)
Press: ? - help, Shift-Dir - straight line, f/p - black bear
Aim: a black bear (almost dead, berserk, 87% to hit)
The blast of sand hits the black bear.
The black bear is almost dead.
The black bear misses you. The black bear barely misses you.
The black bear claws you.
You die...
Your body crumbles into a pile of gold.

##### .............
#..... .....##......
#..... ##### #####
#......
#.....##...##....
#......
#................
.......
#...............
#...............
####+###h..##..
###@## #+###########
#....# ....(........
#....# .............
#.############)#####
#...................
#.#.#.#.#.#.#.#.#.#.
###.......#.....).#.
##################


You could see a black bear (berserk).

Vanquished Creatures
  A jelly (D:4)
  An orc priest (D:4)
  A hound (D:3)
  A gnoll bouda (D:4)
  An iguana (D:4)
  An orc wizard (D:4)
  Robin (D:3)
  2 adders (D:4)
  2 worms
  3 dart slugs
  10 orcs
  5 ball pythons
  6 endoplasms
  3 giant cockroaches
  8 goblins
  7 hobgoblins
  5 jackals (D:1)
  5 kobolds
  6 quokkas
  A bat (D:3)
  6 frilled lizards
  6 rats
82 creatures vanquished.

Notes
Turn   | Place    | Note
-------+----------+-------------------------------------------
     0 | D:1      | billz999 the Ghoul Earth Elementalist began the quest for
                  | the Orb.
     0 | D:1      | Reached XP level 1. HP: 14/14 MP: 2/2
    40 | D:1      | Reached skill level 1 in Transmutations
    59 | D:1      | Found a faded altar of an unknown god.
   118 | D:1      | Reached XP level 2. HP: 14/20 MP: 0/3
   230 | D:1      | Learned a level 2 spell: Blink
   527 | D:1      | Reached XP level 3. HP: 26/26 MP: 4/4
  1540 | D:2      | You fall into a shaft and drop 1 floor!
  1614 | D:3      | Reached XP level 4. HP: 26/33 MP: 0/6
  2031 | D:3      | Noticed Robin
  2036 | D:3      | Killed Robin
  2065 | D:3      | Reached XP level 5. HP: 35/38 MP: 1/8
  2325 | D:3      | Noticed an angel
  2351 | D:3      | Found a basalt altar of Yredelemnul.
  2353 | D:3      | Noticed a profane servitor
  2770 | D:4      | Found a staircase to the Ecumenical Temple.
  2784 | D:4      | Reached skill level 1 in Translocations
  2814 | Temple   | Entered the Ecumenical Temple
  2854 | Temple   | Became a worshipper of Gozag Ym Sagoz the Greedy
  2887 | D:4      | Found a hazy altar of Hepliaklqana.
  3091 | D:4      | Learned a level 3 spell: Stone Arrow
  3321 | D:4      | Reached XP level 6. HP: 45/45 MP: 6/10
  3440 | D:4      | Reached skill level 1 in Conjurations
  3676 | D:4      | Noticed a black bear
  3691 | D:4      | Slain by a black bear

Illustrated notes

Levels and vault maps discovered:
D:1:      dpeg_arrival_rooms_a, layout_basic,
          hellmonk_ecumenical_altar_arch_garden, corexii_leaking_fountain,
          nicolae_titane
D:2:      layout_basic, basic_altar
D:3:      layout_loops_ring, grunt_temple_overflow_holy_war,
          grunt_decor_fettered, uniq_robin
D:4:      layout_gridville, mainiacjoe_overflow_six_doors_small,
          minmay_temple_entry_proselytizer, hangedman_minor_gate_pass
Temple:   nicolae_temple_ecumenical_triangle

Skill      XL: |  1  2  3  4  5  6 |
---------------+-------------------+-----
Transmutations | 1 2 |  2.4
Spellcasting   | 2 3 |  3.6
Stealth        | 3 |  3.5
Translocations | 2 |  2.1
Conjurations   | 1 |  1.1
Dodging        | |  1.7
Earth Magic    | |  3.2

Action                     |  1- 3 |  4- 6 || total
---------------------------+-------+-------++-------
  Melee: Unarmed           |    11 |       ||    11
         Dagger            |    35 |    44 ||    79
   Cast: Sandblast         |    52 |    80 ||   132
    Use: Scroll            |     1 |     3 ||     4
   Stab: Sleeping          |     3 |     3 ||     6
 Armour: Robe              |     8 |    13 ||    21
  Dodge: Dodged            |    36 |    64 ||   100

Table legend: (Time is in decaauts)
 A = Elapsed time spent in this place.
 B = Non-inter-level travel time spent in this place.
 C = Inter-level travel time spent in this place.
 D = Time resting spent in this place.
 E = Time spent auto-exploring this place.
 F = Levels seen in this place.
 G = Mean time per level.
                   A        B        C        D        E       F      G
               +--------+--------+--------+--------+--------+-----+--------+
         Total |   3751 |   3704 |     47 |    179 |   2908 |   5 |  750.2 |
       Dungeon |   3703 |   3663 |     40 |    179 |   2887 |   4 |  925.8 |
        Temple |     47 |     40 |      7 |      0 |     21 |   1 |   47.0 |
               +--------+--------+--------+--------+--------+-----+--------+

Top non-repeatable levels by time:
     D:1: 1264 daAuts
     D:3: 1237 daAuts
     D:4: 907 daAuts
     D:2: 293 daAuts
  Temple: 47 daAuts
